 Dungeon Crawl Stone Soup version 0.21.1-1-g345015fe64 (webtiles) character file.

125 PikkenKukken the Ruffian (level 4, -3/49 HPs)
             Began as a Troll Monk on May 11, 2018.
             Killed from afar by an orc wizard (8 damage)
             ... with a puff of frost
             ... on level 2 of the Dungeon.
             The game lasted 00:04:29 (1394 turns).

PikkenKukken the Ruffian (Troll Monk)               Turns: 1394, Time: 00:04:30

Health: -3/49      AC:  8    Str: 19    XL:     4   Next: 82%
Magic:  3/3        EV: 11    Int:  8    God:
Gold:   67         SH:  0    Dex: 13    Spells: 3/3 levels left

rFire    . . .     SeeInvis .     - Unarmed
rCold    . . .     Gourm    +   (no shield)
rNeg     . . .     Faith    .   a - +0 robe
rPois    .         Spirit   .   k - +1 hat
rElec    .         Reflect  .   (no cloak)
rCorr    .         Harm     .   (gloves unavailable)
MR       .....                  (boots unavailable)
Stlth    ++........             (no amulet)
HPRegen  0.56/turn              (no ring)
MPRegen  0.08/turn              (no ring)

@: no status effects
A: large, unfitting armour, claws 3, icy blue scales 1, clever 1, fast
metabolism 3, gourmand, regeneration 1, robust 1, shaggy fur 1, tough skin 2,
evolution 1
a: no special abilities


You were on level 2 of the Dungeon.
You were completely stuffed.

You visited 1 branch of the dungeon, and saw 2 of its levels.

You collected 67 gold pieces.

Inventory:

Hand Weapons
 b - a +0 hunting sling
Missiles
 j - 11 stones (quivered)
Armour
 a - a +0 robe (worn)
 k - a +1 hat (worn)
Scrolls
 c - a scroll of identify
 e - a scroll of fear {unknown}
 i - a scroll of teleportation {unknown}
Potions
 f - a potion of lignification
 h - 2 potions of curing
Comestibles
 d - 5 rations
 g - a chunk of flesh


   Skills:
 + Level 3.0 Fighting
 + Level 0.9 Slings
 + Level 3.1 Dodging
 - Level 1.0 Stealth
 + Level 4.2 Unarmed Combat


You had 3 spell levels left.
You didn't know any spells.

Dungeon Overview and Level Annotations

Branches:
Dungeon (2/15)

Altars:
The Shining One


Innate Abilities, Weirdness & Mutations

You are too large for most types of armour.
You have claws for hands.
Your metabolism is lightning-fast.
You like to eat raw meat.
Your natural rate of healing is unusually fast.
You are covered in fur. (AC +1)
You have very tough skin. (AC +2)
You are partially covered in icy blue scales. (AC +2)
Your mind is acute. (Int +2)
You are robust. (+10% HP)
You evolve.


Message History

You are now empty-clawed.
The orc priest miscasts a cantrip.
The orc priest calls down the wrath of Beogh upon you.
Beogh smites you!
* * * LOW HITPOINT WARNING * * *
Unknown command.
Something hits you but does no damage.
You scratch something but do no damage. Something hits you but does no damage.
You claw something!
The orc priest invokes the aid of Beogh against you.
Beogh smites you!
* * * LOW HITPOINT WARNING * * *
You miss something. Something hits you but does no damage.
You barely miss something. Something hits you but does no damage.
You closely miss something.
The orc priest looks encouraged for a moment.
You hear some strange, mumbled words.
A puff of frost appears from out of thin air!
The puff of frost hits you!
You die...

######.....# ##.#
#........#######..#
#.............##.##
#....###.####..#.#
##### #..# ##...#
##.# ##..## ( #.#
#...###(.
#.#####....((..
#.@{oo....(....
#..##.......##
#####.......#
#..(....# ##).(.(##
#...(.# .....(.#
#.......# #)......#


You could see an orc priest and an orc.

Vanquished Creatures
  An orc priest (D:2)
  Natasha (twice) (D:2)
  An adder (D:2)
  An ooze (D:2)
  A dart slug (D:1)
  A leopard gecko (D:1)
  2 giant cockroaches
  7 goblins
  4 hobgoblins
  A ball python (D:2)
  5 bats
  3 frilled lizards
  2 kobolds (D:1)
  5 rats
36 creatures vanquished.

Notes
Turn   | Place    | Note
-------+----------+-------------------------------------------
     0 | D:1      | PikkenKukken the Troll Monk began the quest for the Orb.
     0 | D:1      | Reached XP level 1. HP: 22/22 MP: 0/0
    36 | D:1      | Found a glowing golden altar of the Shining One.
    87 | D:1      | Gained mutation: You evolve. [potion of mutation]
    87 | D:1      | Gained mutation: You are partially covered in icy blue scales. (AC +2) [potion of mutation]
    87 | D:1      | Gained mutation: Your mind is acute. (Int +2) [potion of mutation]
   171 | D:1      | Reached XP level 2. HP: 29/29 MP: 1/1
  1008 | D:2      | Reached XP level 3. HP: 36/36 MP: 2/2
  1238 | D:2      | Noticed Natasha
  1251 | D:2      | Killed Natasha
  1251 | D:2      | Reached XP level 4. HP: 43/44 MP: 3/3
  1266 | D:2      | Noticed Natasha
  1272 | D:2      | Killed Natasha
  1272 | D:2      | Reached skill level 4 in Unarmed Combat
  1352 | D:2      | Gained mutation: You are robust. (+10% HP) [evolution]
  1394 | D:2      | Killed from afar by an orc wizard

Skill      XL: |  1  2  3  4 |
---------------+-------------+-----
Dodging        | 3 |  3.1
Unarmed Combat | 4 |  4.2
Fighting       | 3 |  3.0
Slings         | |  0.9
Stealth        | |  1.0

Action                   |  1- 3 |  4- 6 || total
-------------------------+-------+-------++-------
Melee: Unarmed           |    66 |     7 ||    73
       Punch             |     2 |       ||     2
 Fire: Hunting sling     |    16 |    22 ||    38
  Use: Potion            |     3 |       ||     3
       Scroll            |     1 |       ||     1
  Eat: Chunk             |    16 |     2 ||    18
Armor: Robe              |    30 |     3 ||    33
Dodge: Dodged            |    38 |     6 ||    44
